Map: Backwater LE

Players

Shanerb - Winner!

  • Race: Terran Terran
  • League: Platinum
  • Spawn Location: 11:00

Juxtapose

  • Race: Protoss Protoss
  • League: Platinum
  • Spawn Location: 5:00

VOD

https://youtu.be/sAd8LkQkZOU

Description

This was a fun match. I anticipated an early drop here, but I figured a more classic two Medivac, sixteen Marine drop at most, and by the time I realized it was going to be more than that, it was already too late.

Shanerb actually messaged me to apologize for the all-in after the match, which was unneeded of course since no apology is needed for using a 100% viable strategy.

Time

  • Played on: Feb. 4, 2018, 10:29 a.m.
  • Length: 7:59
Show
View Real Time Build Order
Export as new Build Order

Shanerb Terran - Winner!

Build Orders: MMM Bio 

Get SALT Encoding   

  12  0:00  SCV  
  13  0:13  SCV  
  14  0:17  Supply Depot  
  14  0:26  SCV  
  15  0:30  Refinery  
  15  0:39  SCV  
  16  0:45  Barracks  
  16  0:51  SCV  
  17  1:03  SCV  
  18  1:08  Barracks  
  18  1:15  SCV  
  19  1:27  SCV  
  20  1:40  Barracks Reactor, Orbital Command  
  20  1:53  Factory  
  20  1:57  Refinery  
  20  2:00  Barracks Tech Lab  
  20  2:06  SCV  
  21  2:13  Supply Depot  
  21  2:16  Marine x2  
  23  2:34  Marine  
  23  2:35  SCV  
  25  2:40  Starport  
  25  2:42  Factory Reactor  
  25  2:46  Marine x2  
  25  2:47  SCV  
  28  2:52  Marine  
  29  2:59  SCV  
  29  3:03  Supply Depot  
  29  3:04  Marine  
  31  3:10  Stimpack  
  31  3:17  Engineering Bay  
  31  3:25  Marine, SCV  
  33  3:27  Supply Depot  
  33  3:30  Marine  
  35  3:37  SCV  
  35  3:38  Medivac  
  35  3:39  Medivac  
  39  3:48  Marine  
  39  3:53  Terran Infantry Weapons Level 1  
  40  3:57  Factory Tech Lab  
  40  3:59  Marine x2  
  39  4:19  Marine  
  39  4:20  Marine x2  
  42  4:34  Medivac  
  42  4:37  Marine x2  
  42  4:38  Marine  
  47  4:45  Medivac  
  49  4:58  Marine x3  
  52  5:04  Cyclone  
  55  5:26  Marine x3, Medivac  
  55  5:27  Supply Depot, SCV  
  61  5:29  Supply Depot  
  61  5:48  Siege Tank  
  64  5:52  Marine x3  
  67  5:59  Combat Shields  
  67  6:12  Marine x2  
  67  6:13  Marine  
  70  6:22  Missile Turret  
  70  6:30  Marine x3  
  73  6:39  SCV  
  74  6:48  Marine x3  
  77  7:01  Supply Depot  
  77  7:03  Supply Depot  
  77  7:12  Siege Tank  
Show
View Real Time Build Order
Export as new Build Order

Juxtapose Protoss 

Build Orders: Oracle Opening 

Get SALT Encoding   

  12  0:01  Probe  
  13  0:13  Probe  
  14  0:20  Pylon  
  14  0:25  Probe  
  15  0:38  Probe  
  15  0:39  Gateway  
  16  0:51  Probe  
  16  0:55  Assimilator  
  17  1:01  Pylon  
  17  1:03  Probe  
  18  1:15  Probe  
  19  1:27  Probe  
  19  1:28  Cybernetics Core  
  20  1:33  Zealot  
  20  1:34  Assimilator  
  22  1:43  Probe  
  23  1:50  Pylon  
  23  2:01  Probe  
  24  2:11  Stargate  
  24  2:24  Warp Gate  
  24  2:29  Pylon  
  24  2:34  Forge  
  24  2:41  Probe  
  25  2:51  Oracle (Chrono Boost)  
  28  3:07  Pylon  
  28  3:08  Photon Cannon  
  28  3:17  Gateway  
  28  3:33  Stalker  
  30  3:53  Nexus  
  30  4:29  Gateway  
  30  4:31  Gateway  
  30  4:36  Protoss Ground Weapons Level 1 (Chrono Boost), Adept x2  
  34  4:41  Probe  
  35  4:53  Probe  
  36  5:04  Stalker  
  36  5:05  Probe, Pylon  
  39  5:08  Probe  
  40  5:18  Probe  
  40  5:20  Probe  
  42  5:27  Adept  
  42  5:28  Adept  
  46  5:30  Probe  
  47  5:37  Pylon  
  47  5:39  Probe  
  47  5:41  Pylon  
  47  5:42  Probe  
  49  5:51  Probe  
  49  5:54  Probe, Stalker  
  49  5:55  Stalker  
  55  6:01  Twilight Council  
  55  6:03  Probe  
  56  6:06  Probe  
  56  6:09  Photon Cannon  
  57  6:14  Zealot  
  57  6:15  Probe  
  57  6:18  Zealot  
  62  6:33  Probe x2  
  64  6:45  Stalker  
  64  6:46  Adept  
  68  6:48  Zealot  
  68  6:49  Zealot  
  72  7:00  Assimilator  
  72  7:02  Probe  
  72  7:04  Assimilator  
  72  7:08  Robotics Facility  
  73  7:14  Probe  
  66  7:16  Stalker x2  
  66  7:17  Stalker x2  
  26  7:40  Stalker  
  26  7:41  Stalker  
  26  7:42  Stalker  
  26  7:43  Stalker  
Tags
 
Add a new tag
Caveats
  • Supply blocks, unpowered buildings, or Contaminate may cause inaccurate times.
  • Supply counts are checked every 10 seconds.